 Dungeon Crawl Stone Soup version 0.27-a0-1187-ge80a49f48c (webtiles) character file.

Game seed: 12438833944833205914

724 vnlr the Digger (level 7, 0/36 HPs)
             Began as a Gargoyle Earth Elementalist on May 20, 2021.
             Slain by a troll (9 damage)
             ... on level 5 of the Dungeon.
             The game lasted 00:09:22 (6677 turns).

vnlr the Digger (Gargoyle Earth Elementalist)       Turns: 6677, Time: 00:09:23

Health: 0/36       AC:  7    Str: 11    XL:     7   Next: 71%
Magic:  1/14       EV: 11    Int: 18    God:
Gold:   261        SH:  5    Dex: 10    Spells: 6/15 levels left

rFire    . . .     SeeInvis .   a - +0 dagger
rCold    . . .     Faith    .   (no shield)
rNeg     + . .     Spirit   .   c - +0 robe
rPois    ∞         Reflect  +   f - +0 helmet
rElec    +         Harm     .   (no cloak)
rCorr    .         Rampage  .   (no gloves)
Will     .....                  (no boots)
Stlth    ++........             e - amulet of reflection
HPRegen  0.12/turn              (no ring)
MPRegen  0.14/turn              (no ring)

@: no status effects
A: sickness immunity, AC +4, negative energy resistance 1, electricity
resistance, torment resistance 1, petrification resistance
a: no special abilities


You were on level 5 of the Dungeon.
You visited 1 branch of the dungeon, and saw 5 of its levels.

You collected 261 gold pieces.

Inventory:

Hand Weapons
 a - a +0 dagger (weapon)
 i - a +1 flail
Missiles
 k - 7 boomerangs of dispersal
Armour
 c - a +0 robe (worn)
 f - a +0 helmet (worn)
Jewellery
 e - an amulet of reflection (around neck)
Potions
 d - 2 potions of attraction
 g - 2 potions of brilliance
 h - a potion of resistance


   Skills:
 - Level 1.5 Dodging
 - Level 2.1 Stealth
 + Level 4.8 Spellcasting
 + Level 4.6 Conjurations
 - Level 0.7 Transmutations
 + Level 6.8 Earth Magic


You had 6 spell levels left.
You knew the following spells:

 Your Spells              Type           Power      Damage    Failure   Level
a - Sandblast             Erth           58%        2d13      1%          1
b - Stone Arrow           Conj/Erth      50%        3d10      3%          3
c - Lee's Rapid Deconstr  Erth           14%        3d10*     22%         5

Your spell library contained the following spells:

 Spells                   Type           Power      Damage    Failure   Level
 Passwall                 Tmut/Erth      15%        N/A       4%          2
 Petrify                  Tmut/Erth      18%        N/A       28%         4
 Animate Armour           Summ/Erth      32%        N/A       32%         4
 Leda's Liquefaction      Hex/Erth       8%         N/A       32%         4
 Bolt of Magma            Conj/Fire/Erth 9%         4d7       61%         5
 Iron Shot                Conj/Erth      12%        9d3       88%         6
 Shatter                  Erth           14%        3d14*     100%        9
 Statue Form              Tmut/Erth      Unusable   N/A       N/A         6

Dungeon Overview and Level Annotations

Branches:
Dungeon (5/15)
 Temple: D:4-7

Altars:
Ashenzari


Innate Abilities, Weirdness & Mutations

You are immune to sickness and miasma.
Your stone body is resilient. (AC +4)
You are immune to poison.
You resist negative energy. (rN+)
You are resistant to electric shocks. (rElec)
You are resistant to unholy torment.
You are immune to petrification.


Message History

Unknown command.
You see here the +0 robe "Syaremn" {rF- rCorr Int+3 Slay+2}.
The troll bites you. The troll claws you. The troll misses you.
Found a piece from Xom's chessboard (15/15).
Things that are here:
a +0 hand axe; a +0 leather armour; 25 gold pieces
Casting: Stone Arrow (dangerous; 3% risk of failure)
Confirm with . or Enter, or press ? or * to list all spells.
Aiming: Stone Arrow (dangerous; 3% risk of failure)
Press: ? - help, Shift-Dir - straight line, f/p - troll
Aim: a troll (71% to hit)
The stone arrow misses the troll.
The stone arrow misses the phantom.
Casting: Stone Arrow (dangerous; 3% risk of failure)
Confirm with . or Enter, or press ? or * to list all spells.
Aiming: Stone Arrow (dangerous; 3% risk of failure)
Press: ? - help, Shift-Dir - straight line, f/p - troll
Aim: a troll (71% to hit)
The stone arrow hits the troll!!
The troll is heavily wounded.
The troll closely misses you. The troll claws you. x2
Unknown command.
Casting: Stone Arrow (dangerous; 3% risk of failure)
Confirm with . or Enter, or press ? or * to list all spells.
Aiming: Stone Arrow (dangerous; 3% risk of failure)
Press: ? - help, Shift-Dir - straight line, f/p - troll
Aim: a troll (heavily wounded, 71% to hit)
The stone arrow misses the troll.
The stone arrow hits the phantom!
The phantom is heavily damaged.
The troll bites you!
* * * LOW HITPOINT WARNING * * *
You block the troll's attack. The troll claws you but does no damage.
Casting: Stone Arrow (dangerous; 3% risk of failure)
Confirm with . or Enter, or press ? or * to list all spells.
Aiming: Stone Arrow (dangerous; 3% risk of failure)
Press: ? - help, Shift-Dir - straight line, f/p - troll
Aim: a troll (heavily wounded, 71% to hit)
The stone arrow hits the troll!
The troll is almost dead.
The troll bites you!
You die...

#............# #..#
###.###.#..##..###..###
....# #)#..#.#.##..[..#
.#### #..)............# .#
###..###........# .# #..#
####...>.#
.########..######.....###.
............>..W)#...$....
...............T@.....####
###..88888888..#.#..#....!
#..8888.888.##.#........
#.................######
#......8....##........#
#......8....####.####.#
#...........# #.# #.#
##.8888}888.# ..# #.# #.##
#.#


You could see a troll and a phantom.

Vanquished Creatures
  An ice beast (D:5)
  A necrophage (D:3)
  A black bear (D:4)
  2 scorpions
  A water moccasin zombie (D:5)
  A jelly (D:5)
  2 hounds
  An iguana (D:4)
  4 gnolls (D:5)
  2 adders
  An ufetubus (D:5)
  2 adder skeletons (D:4)
  2 worms
  3 dart slugs
  7 orcs
  4 ball pythons
  8 endoplasms
  4 goblins
  7 hobgoblins
  18 jackals
  3 quokkas
  5 bats
  3 kobolds
  A rat (D:1)
84 creatures vanquished.

Vanquished Creatures (others)
  3 plants (D:1)
3 creatures vanquished.

Grand Total: 87 creatures vanquished

Notes
Turn   | Place    | Note
-------+----------+-------------------------------------------
     0 | D:1      | vnlr the Gargoyle Earth Elementalist began the quest for
                  | the Orb.
     0 | D:1      | Reached XP level 1. HP: 10/10 MP: 3/3
   120 | D:1      | Reached XP level 2. HP: 3/15 MP: 0/5
   127 | D:1      | Reached skill level 4 in Earth Magic
   913 | D:1      | Reached XP level 3. HP: 14/19 MP: 0/6
   917 | D:1      | Learned a level 3 spell: Stone Arrow
  2008 | D:2      | Reached skill level 1 in Conjurations
  2894 | D:3      | Reached XP level 4. HP: 24/24 MP: 6/8
  2906 | D:3      | Identified a scroll of acquirement
  2906 | D:3      | Acquired a book of the Earth
  3261 | D:3      | Noticed a necrophage
  3284 | D:3      | Killed a necrophage
  3285 | D:3      | Reached skill level 5 in Earth Magic
  3285 | D:3      | Reached XP level 5. HP: 21/28 MP: 1/10
  3741 | D:3      | Found a faded altar of an unknown god.
  4281 | D:3      | Learned a level 5 spell: Lee's Rapid Deconstruction
  4867 | D:4      | Reached XP level 6. HP: 16/32 MP: 5/11
  5570 | D:4      | Noticed a black bear
  5583 | D:4      | Killed a black bear
  5584 | D:4      | Reached skill level 6 in Earth Magic
  5912 | D:5      | Entered Level 5 of the Dungeon
  5920 | D:5      | Reached XP level 7. HP: 36/36 MP: 8/13
  6088 | D:5      | Found a broken altar of Ashenzari.
  6647 | D:5      | Identified the +0 robe "Syaremn" {rF- rCorr Int+3 Slay+2}
  6649 | D:5      | Noticed a troll
  6677 | D:5      | Slain by a troll

Illustrated notes

Levels and vault maps discovered:
D:1:      dpeg_arrival_line_fractal, layout_basic, serial_forest,
          infiniplex_forest_clump_curved, infiniplex_forest_lined_ring,
          infiniplex_forest_lined_2, infiniplex_forest_clump_medium,
          infiniplex_forest_clump_long
D:2:      layout_basic
D:3:      layout_basic, hellmonk_ecumenical_altar_inner_sanctum
D:4:      layout_loops_ring, lemuel_old_faithful
D:5:      minmay_angry_zag, layout_loops_ring, cheibrodos_ashenzari_chains,
          minivault_23, hellmonk_bongcloud_opening

Skill      XL: |  1  2  3  4  5  6  7 |
---------------+----------------------+-----
Earth Magic    | 4 5 6 |  6.8
Conjurations   | 1 2 3 4 |  4.6
Spellcasting   | 3 4 |  4.8
Dodging        | |  1.5
Stealth        | |  2.1
Transmutations | |  0.7

Action                   |  1- 3 |  4- 6 |  7- 9 || total
-------------------------+-------+-------+-------++-------
Melee: Dagger            |   134 |   165 |    16 ||   315
 Cast: Sandblast         |    17 |    48 |    28 ||    93
       Stone Arrow       |       |     2 |     6 ||     8
       Lee's Rapid Decon |       |       |     1 ||     1
  Use: Scroll            |       |     7 |     4 ||    11
 Stab: Sleeping          |     4 |     2 |       ||     6
       Distracted        |       |     1 |       ||     1
Armor: Robe              |    41 |    55 |    27 ||   123
Dodge: Dodged            |    70 |    95 |    33 ||   198
Block: Other             |    12 |    30 |    16 ||    58
       Reflection        |       |       |     1 ||     1

Table legend: (Time is in decaauts)
 A = Elapsed time spent in this place.
 B = Non-inter-level travel time spent in this place.
 C = Inter-level travel time spent in this place.
 D = Time resting spent in this place.
 E = Time spent auto-exploring this place.
 F = Levels seen in this place.
 G = Mean time per level.
                   A        B        C        D        E       F      G
               +--------+--------+--------+--------+--------+-----+--------+
         Total |   6680 |   6572 |    108 |   1420 |   4214 |   5 | 1336.0 |
       Dungeon |   6680 |   6572 |    108 |   1420 |   4214 |   5 | 1336.0 |
               +--------+--------+--------+--------+--------+-----+--------+

Top non-repeatable levels by time:
     D:3: 1790 daAuts
     D:1: 1571 daAuts
     D:2: 1317 daAuts
     D:4: 1235 daAuts
     D:5: 764 daAuts
